 Dungeon Crawl Stone Soup version 0.30-a0-782-ge64f9170bb (webtiles) character file.

Game seed: 8344028983107298249

35 IndexError the Shooter (level 3, -3/21 HPs)
             Began as a Gargoyle Hunter on Feb 24, 2023.
             Killed from afar by Sigmund (9 damage)
             ... with a puff of flame
             ... on level 2 of the Dungeon.
             The game lasted 00:02:37 (945 turns).

IndexError the Shooter (Gargoyle Hunter)             Turns: 945, Time: 00:02:38

Health: -3/21      AC:  6    Str: 14    XL:     3   Next: 35%
Magic:  3/3        EV: 11    Int:  9    God:
Gold:   77         SH:  0    Dex: 15    Spells: 2/2 levels left

rFire   . . .      SeeInvis .    a - +0 shortbow
rCold   . . .      Faith    .    (shield currently unavailable)
rNeg    + . .      Spirit   .    c - +0 leather armour
rPois   ∞          Reflect  .    (no helmet)
rElec   +          Harm     .    (no cloak)
rCorr   .          Rampage  .    (no gloves)
Will    .....                    (no boots)
Stlth   ++                       (no amulet)
HPRegen 0.23/turn                (no ring)
MPRegen 0.08/turn                (no ring)

@: no status effects
A: sickness immunity, AC +3, negative energy resistance 1, electricity
resistance, torment resistance 1, petrification resistance
a: no special abilities


You were on level 2 of the Dungeon.
You visited 1 branch of the dungeon, and saw 2 of its levels.

You collected 77 gold pieces.

Inventory:

Hand Weapons
 a - a +0 shortbow (weapon)
Armour
 c - a +0 leather armour (worn)
Scrolls
 b - 2 scrolls of immolation {!r}
 d - 2 scrolls of identify {unknown}
Potions
 e - 2 potions of brilliance {unknown}
 f - a potion of magic {unknown}


   Skills:
 - Level 2.1 Fighting
 + Level 5.1 Ranged Weapons
 - Level 1.5 Dodging
 - Level 1.1 Stealth


You had 2 spell levels left.
You didn't know any spells.
Your spell library contained the following spells:

 Spells                   Type           Power      Damage    Failure   Level
 Leda's Liquefaction      Hex/Erth       0%         N/A       99%         4
 Lee's Rapid Deconstruct  Erth           0%         3d4*      100%        5
 Statue Form              Tmut/Erth      Unusable   N/A       N/A         6

Dungeon Overview and Level Annotations

Branches:
Dungeon (2/15)

Altars:

Shops:
D:1 !

Annotations:
D:2 Sigmund


Innate Abilities, Weirdness & Mutations

You are immune to sickness and miasma.
Your stone body is resilient. (AC +3)
You are immune to poison.
You resist negative energy. (rN+)
You are resistant to electric shocks. (rElec)
You are resistant to unholy torment.
You are immune to petrification.


Message History

There is a stone staircase leading down here.
There is an open door here.
There is an open door here.
There is a stone staircase leading down here.
You climb downwards.
There is a stone staircase leading up here.
You climb upwards.
There is a stone staircase leading down here.
Done exploring.
You climb downwards.
There is a stone staircase leading up here.
You see here 6 stones.
Found a stone staircase leading down.
A ball python comes into view.
Spoiler Alert: The ball python (asleep) can constrict!
You shoot an arrow. The arrow hits the ball python!
No target in view!
There is a stone staircase leading down here.
A hobgoblin comes into view.
You shoot an arrow. The arrow hits the hobgoblin.
The hobgoblin shouts!
You shoot an arrow.
The arrow hits the hobgoblin but does no damage.
An adder comes into view.
You shoot an arrow. The adder hisses angrily.
The arrow hits the hobgoblin.
An endoplasm comes into view.
You have reached level 3!
Your experience leads to an increase in your attributes!
Increase (s)trength, (i)ntelligence, or (d)exterity?
You feel agile. x2
Health restored: 21; MP restored: 3 You shoot an arrow.
The arrow closely misses the adder.
You shoot an arrow.
The arrow hits the adder but does no damage.
You shoot an arrow. The arrow hits the adder.
The adder bites you.
You take 3 damage, and have 18/21 hp.
You shoot an arrow. The arrow hits the adder.
The adder bites you but does no damage.
You shoot an arrow. The arrow closely misses the adder.
The adder bites you but does no damage. The adder bites you.
You take 1 damage, and have 17/21 hp.
You shoot an arrow. The arrow closely misses the adder.
The adder bites you. The adder barely misses you.
You take 1 damage, and have 16/21 hp.
You shoot an arrow. The arrow hits the adder.
The adder bites you.
You take 2 damage, and have 14/21 hp.
You shoot an arrow. The arrow closely misses the adder.
The adder bites you but does no damage. The adder bites you.
You take 1 damage, and have 13/21 hp.
You shoot an arrow. The arrow misses the adder.
The adder closely misses you.
You shoot an arrow. The arrow closely misses the adder.
The adder closely misses you. The adder bites you but does no damage.
You shoot an arrow. The arrow barely misses the adder.
The adder bites you but does no damage. The adder closely misses you.
You shoot an arrow. The arrow misses the adder.
The adder bites you but does no damage. The adder barely misses you.
You shoot an arrow. The arrow misses the adder.
The adder bites you but does no damage.
You shoot an arrow. The arrow misses the adder.
The adder closely misses you. x2
You shoot an arrow. The arrow closely misses the adder.
The adder closely misses you. x2
You shoot an arrow. The arrow hits the adder.
The adder closely misses you.
You shoot an arrow. The arrow misses the adder.
The adder barely misses you. The adder closely misses you.
You shoot an arrow. The arrow hits the adder.
Your Ranged Weapons skill increases to level 5!
You shoot an arrow. The arrow hits the endoplasm!
No target in view!
HP restored.
Found an escape hatch in the ceiling.
Health restored: 21 You see here a hobgoblin corpse.
d - 2 scrolls labelled ZUOHAIXTOE (gained 1)
You see here a +0 dagger.
You see here a +1 mace of protection.
You now have 77 gold pieces (gained 15).
A ball python comes into view.
You shoot an arrow. The arrow hits the ball python.
You hear a shout!
Sigmund the Dreaded comes into view.
He is wielding a +0 scythe and wearing a +0 robe of positive energy.
Spoiler Alert: Sigmund can cast Slow, Confuse, Throw Flame, and go Invisible!
You shoot an arrow. The arrow barely misses Sigmund.
You shoot an arrow. The arrow barely misses Sigmund.
Sigmund mumbles some strange words.
Sigmund flickers and vanishes!
Deactivating autopickup; reactivate with Ctrl-A.
No target in view!
No target in view!
A magic dart appears from out of thin air!
The magic dart hits you!
You take 9 damage, and have 12/21 hp.
MASSIVE DAMAGE!!
A puff of flame appears from out of thin air!
The puff of flame hits you!
* * * LOW HITPOINT WARNING * * *
You take 8 damage, and have 5/21 hp.
MASSIVE DAMAGE!!
A puff of flame appears from out of thin air!
The puff of flame hits you!
You die...

#...# #........
#...# #........
#...########........
#...##.....)....####
#...##..........#
#...##..........#
##..##..........#
##.............#
####@.........#
#..........#
#..........#
####.####### #..###
##...### ###.{.#
###.# #.#


There were no monsters in sight!

Vanquished Creatures
  An adder (D:2)
  6 ball pythons
  2 bats (D:1)
  4 endoplasms
  A giant cockroach (D:1)
  2 goblins (D:1)
  3 hobgoblins
  A kobold (D:1)
  A quokka (D:1)
  A frilled lizard (D:1)
  2 rats (D:1)
24 creatures vanquished.

Notes
Turn   | Place    | Note
-------+----------+-------------------------------------------
     0 | D:1      | IndexError the Gargoyle Hunter began the quest for the Orb.
     0 | D:1      | Reached XP level 1. HP: 12/12 MP: 1/1
   213 | D:1      | Reached XP level 2. HP: 17/17 MP: 2/2
   260 | D:1      | Found Okatu's Distillery.
   786 | D:2      | Reached XP level 3. HP: 21/21 MP: 3/3
   804 | D:2      | Reached skill level 5 in Ranged Weapons
   918 | D:2      | Noticed Sigmund
   943 | D:2      | HP: 5/21 [something/puff of flame (8)]
   945 | D:2      | Killed from afar by Sigmund

Illustrated notes

Levels and vault maps discovered:
D:1:      dpeg_arrival_tiny_h, layout_basic, serial_shops, shop
D:2:      layout_basic, st_stairs_7, uniq_sigmund

Skill      XL: |  1  2  3 |
---------------+----------+-----
Ranged Weapons | 5 |  5.1
Fighting       | |  2.1
Dodging        | |  1.5
Stealth        | |  1.1

Action                     || total
---------------------------++-------
   Fire: Shortbow          ||    72
 Armour: Leather armour    ||    13
  Dodge: Dodged            ||    21

Table legend: (Time is in decaauts)
 A = Elapsed time spent in this place.
 B = Non-inter-level travel time spent in this place.
 C = Inter-level travel time spent in this place.
 D = Time resting spent in this place.
 E = Time spent auto-exploring this place.
 F = Levels seen in this place.
 G = Mean time per level.
                   A        B        C        D        E       F      G
               +--------+--------+--------+--------+--------+-----+--------+
         Total |    968 |    883 |     85 |      0 |    723 |   2 |  484.0 |
       Dungeon |    968 |    883 |     85 |      0 |    723 |   2 |  484.0 |
               +--------+--------+--------+--------+--------+-----+--------+

Top non-repeatable levels by time:
     D:1: 716 daAuts
     D:2: 252 daAuts

Table legend:
 A = Kills in this place as a percentage of kills in entire the game.
 B = Kills by you in this place as a percentage of kills by you in the entire game.
 C = Kills by friends in this place as a percentage of kills by friends in the entire game.
 D = Other kills in this place as a percentage of other kills in the entire game.
 E = Experience gained in this place as a percentage of experience gained in the entire game.
 F = Experience gained in this place divided by the number of levels of this place that you have seen.
                   A       B       C       D       E      F
               +-------+-------+-------+-------+-------+----------------------
         Total | 100.0 | 100.0 |   N/A |   N/A | 100.0 |  25.5
       Dungeon | 100.0 | 100.0 |   N/A |   N/A | 100.0 |  25.5
               +-------+-------+-------+-------+-------+----------------------
